 Dungeon Crawl Stone Soup version 0.27-a0-931-g5a74e75d8f (webtiles) character file.

Game seed: 9958690900943107916

67 Alarkh the Insei (level 4, 0/34 HPs)
             Began as a Demonspawn Gladiator on Apr 10, 2021.
             Slain by an orc wizard
             ... wielding a +0 dagger
              (3 damage)
             ... on level 3 of the Dungeon.
             The game lasted 00:01:19 (1698 turns).

Alarkh the Insei (Demonspawn Gladiator)             Turns: 1698, Time: 00:01:20

Health: 0/34       AC:  4    Str: 14    XL:     4   Next: 0%
Magic:  4/4        EV: 12    Int: 10    God:
Gold:   73         SH:  0    Dex: 15    Spells: 3/3 levels left

rFire    . . .     SeeInvis .     - Unarmed
rCold    . . .     Faith    .   (no shield)
rNeg     . . .     Spirit   .   a - +0 leather armour
rPois    .         Reflect  .   b - +0 helmet
rElec    .         Harm     .   (no cloak)
rCorr    .         Rampage  .   (no gloves)
Will     .....                  (no boots)
Stlth    +.........             (no amulet)
HPRegen  0.11/turn              (no ring)
MPRegen  0.09/turn              (no ring)

@: no status effects
A: spiny 1, condensation shield
a: no special abilities


You were on level 3 of the Dungeon.
You visited 1 branch of the dungeon, and saw 3 of its levels.

You collected 73 gold pieces.

Inventory:

Missiles
 c - 3 throwing nets (quivered)
Armour
 a - a +0 leather armour (worn)
 b - a +0 helmet (worn)
Jewellery
 e - a ring of flight
Scrolls
 d - a scroll of vulnerability {unknown}
 f - a scroll of magic mapping {unknown}
 g - a scroll of enchant weapon {unknown}
 i - a scroll of teleportation {unknown}
 k - 2 scrolls of fear {unknown}
Potions
 h - a potion of degeneration {unknown}
 j - 2 potions of might {unknown}


   Skills:
 + Level 2.9 Fighting
 - Level 1.7 Throwing
 - Level 2.6 Dodging
 * Level 4.0 Unarmed Combat


You had 3 spell levels left.
You didn't know any spells.
Your spell library was empty.

Dungeon Overview and Level Annotations

Branches:
Dungeon (3/15)

Altars:
Elyvilon


Innate Abilities, Weirdness & Mutations

You are partially covered in sharp spines.
A meltable shield of frost defends you. (SH +0)


Message History

You kill the orc!
You hit the hobgoblin.
The hobgoblin is moderately wounded.
The orc wizard points at itself and mumbles some strange words.
The orc wizard flickers and vanishes!
Deactivating autopickup; reactivate with Ctrl-A.
The hobgoblin is struck by your spines. The hobgoblin completely misses you.
You punch the hobgoblin!
You kill the hobgoblin!
You have reached level 4!
You feel agile.
Your demonic ancestry asserts itself...
Frost condenses into a shield before you.
You miss something. Something hits you.
Your leather armour prevents you from hitting something.
You hear some strange, mumbled words.
A puff of flame appears from out of thin air!
The puff of flame hits you!
Your condensation shield dissipates!
You barely miss something. Something hits you but does no damage.
You barely miss something.
You hear some strange, mumbled words.
You closely miss something. Something hits you but does no damage.
You closely miss something. Something hits you but does no damage.
You barely miss something. You hit something. Your punch misses something.
Something hits you.
You barely miss something. Something hits you.
You miss something. Something hits you.
* * * LOW HITPOINT WARNING * * *
You closely miss something. Something hits you.
* * * LOW HITPOINT WARNING * * *
You hit something. Something hits you but does no damage.
You miss something. Something hits you.
* * * LOW HITPOINT WARNING * * *
You hit something. Something hits you.
* * * LOW HITPOINT WARNING * * *
You miss something.
You hear some strange, mumbled words.
You hit something but do no damage. Something hits you but does no damage.
You barely miss something. Something hits you.
You die...

#...#<........#
#.##.)....##..
#.......### ..
#....#...#.....
##.####...######
#..###..#.#
#.o..g#.#
#.#.#{#..
#.#.#@##..
o...#.......#
....##..####.#
.#..# #..# #.##.
...# . #. ##.#
.# .#


You could see a hobgoblin.

Vanquished Creatures
  2 adders (D:2)
  2 dart slugs
  2 orcs (D:3)
  3 ball pythons
  3 bats
  An endoplasm (D:1)
  3 giant cockroaches
  3 goblins (D:1)
  5 hobgoblins
  9 jackals
  2 frilled lizards
  2 kobolds
37 creatures vanquished.

Notes
Turn   | Place    | Note
-------+----------+-------------------------------------------
     0 | D:1      | Alarkh the Demonspawn Gladiator began the quest for the
                  | Orb.
     0 | D:1      | Reached XP level 1. HP: 16/16 MP: 1/1
   150 | D:1      | Reached skill level 3 in Unarmed Combat
   174 | D:1      | Gained mutation: You are partially covered in sharp spines.
                  | [demonic ancestry]
   174 | D:1      | Reached XP level 2. HP: 22/22 MP: 2/2
   701 | D:2      | Reached XP level 3. HP: 28/28 MP: 3/3
  1187 | D:2      | Found a faded altar of an unknown god.
  1678 | D:3      | Reached skill level 4 in Unarmed Combat
  1682 | D:3      | Gained mutation: A meltable shield of frost defends you.
                  | (SH +0) [demonic ancestry]
  1682 | D:3      | Reached XP level 4. HP: 22/34 MP: 4/4
  1698 | D:3      | Slain by an orc wizard

Illustrated notes

Levels and vault maps discovered:
D:1:      enne_arrival_octagon_isle, layout_loops_ring
D:2:      layout_basic, basic_altar, hellmonk_ecumenical_altar_run_dry,
          hex_medium
D:3:      layout_rooms, chequers_temple_overflow_minitemple, serial_shops,
          nicolae_shop_crystal

Skill      XL: |  1  2  3 |
---------------+----------+-----
Unarmed Combat | 3 4 |  4.0
Fighting       | |  2.9
Throwing       | |  1.7
Dodging        | |  2.6

Action                   |  1- 3 |  4- 6 || total
-------------------------+-------+-------++-------
Melee: Unarmed           |    94 |    17 ||   111
       Punch             |     1 |       ||     1
Armor: Leather armour    |    27 |     5 ||    32
Dodge: Dodged            |    49 |       ||    49

Table legend: (Time is in decaauts)
 A = Elapsed time spent in this place.
 B = Non-inter-level travel time spent in this place.
 C = Inter-level travel time spent in this place.
 D = Time resting spent in this place.
 E = Time spent auto-exploring this place.
 F = Levels seen in this place.
 G = Mean time per level.
                   A        B        C        D        E       F      G
               +--------+--------+--------+--------+--------+-----+--------+
         Total |   1690 |   1613 |     77 |      0 |   1388 |   3 |  563.3 |
       Dungeon |   1690 |   1613 |     77 |      0 |   1388 |   3 |  563.3 |
               +--------+--------+--------+--------+--------+-----+--------+

Top non-repeatable levels by time:
     D:2: 897 daAuts
     D:1: 612 daAuts
     D:3: 180 daAuts
